Map: Proxima Station LE

Players

Harstem

  • Race: Protoss Protoss
  • Spawn Location: 1:00

JonSnow - Winner!

  • Race: Zerg Zerg
  • Spawn Location: 7:00

Event: WCS Austin 2017

VOD

Have the link to the VOD?

Description

Time

  • Played on: April 28, 2017, 9:41 p.m.
  • Length: 20:54

All games in this series

Show
View Real Time Build Order
Export as new Build Order

Harstem Protoss 

Build Orders: 1 Gate Expand, Oracle Opening 

Get SALT Encoding   

  12  0:01  Probe (Chrono Boost)  
  13  0:11  Probe (Chrono Boost)  
  14  0:17  Pylon  
  14  0:22  Probe (Chrono Boost)  
  16  0:35  Probe (Chrono Boost)  
  16  0:38  Gateway  
  16  0:46  Probe (Chrono Boost)  
  16  0:47  Assimilator  
  17  0:56  Probe (Chrono Boost)  
  18  1:07  Probe (Chrono Boost)  
  19  1:17  Probe (Chrono Boost)  
  20  1:25  Nexus  
  20  1:34  Cybernetics Core  
  20  1:37  Probe (Chrono Boost)  
  21  1:42  Assimilator  
  21  1:48  Probe (Chrono Boost)  
  21  1:52  Pylon  
  22  1:58  Probe (Chrono Boost)  
  23  2:07  Stalker  
  23  2:12  Probe (Chrono Boost)  
  23  2:13  Warp Gate  
  27  2:24  Probe (Chrono Boost)  
  27  2:33  Stargate  
  27  2:34  Probe (Chrono Boost)  
  27  2:35  Adept  
  28  2:39  Probe (Chrono Boost)  
  31  2:46  Probe (Chrono Boost)  
  31  2:49  Probe (Chrono Boost)  
  34  2:58  Probe (Chrono Boost)  
  34  3:00  Probe (Chrono Boost)  
  35  3:09  Probe (Chrono Boost)  
  35  3:10  Probe (Chrono Boost)  
  35  3:11  Oracle  
  37  3:13  Gateway  
  37  3:14  Gateway  
  40  3:21  Probe (Chrono Boost)  
  40  3:22  Probe (Chrono Boost)  
  40  3:25  Pylon  
  42  3:32  Probe (Chrono Boost)  
  42  3:33  Twilight Council  
  44  3:35  Probe (Chrono Boost)  
  44  3:39  Pylon  
  44  3:42  Probe (Chrono Boost)  
  44  3:47  Probe (Chrono Boost)  
  44  3:48  Oracle  
  46  3:49  Pylon  
  46  3:53  Probe (Chrono Boost)  
  50  3:59  Probe (Chrono Boost)  
  51  4:03  Assimilator  
  51  4:04  Probe (Chrono Boost)  
  52  4:11  Resonating Glaives  
  52  4:13  Probe (Chrono Boost)  
  53  4:17  Nexus  
  53  4:23  Probe (Chrono Boost), Adept  
  56  4:28  Probe (Chrono Boost)  
  57  4:34  Probe (Chrono Boost)  
  57  4:37  Assimilator, Pylon, Adept  
  60  4:40  Probe (Chrono Boost), Adept  
  60  4:44  Probe (Chrono Boost)  
  60  4:45  Pylon  
  64  4:52  Probe (Chrono Boost)  
  65  4:55  Probe (Chrono Boost)  
  66  5:03  Adept x3  
  66  5:04  Probe (Chrono Boost)  
  66  5:06  Probe (Chrono Boost), Phoenix  
  76  5:16  Robotics Facility, Probe (Chrono Boost)  
  76  5:17  Probe (Chrono Boost)  
  78  5:24  Adept  
  78  5:25  Adept x2  
  78  5:28  Probe (Chrono Boost)  
  86  5:29  Probe (Chrono Boost)  
  86  5:35  Mothership Core (Chrono Boost)  
  88  5:38  Robotics Facility, Probe (Chrono Boost)  
  88  5:41  Probe (Chrono Boost)  
  90  5:45  Sentry  
  90  5:47  Pylon  
  90  5:49  Probe (Chrono Boost)  
  93  5:55  Probe x2 (Chrono Boost)  
  95  6:02  Probe (Chrono Boost)  
  94  6:08  Probe x2 (Chrono Boost)  
  94  6:15  Probe (Chrono Boost)  
  94  6:19  Probe (Chrono Boost)  
  94  6:20  Probe (Chrono Boost)  
  94  6:24  Warp Prism, Charge  
  92  6:25  Assimilator  
  92  6:27  Gateway x2  
  92  6:29  Assimilator  
  92  6:31  Sentry, Adept  
  92  6:32  Probe (Chrono Boost), Gateway, Adept  
  102  6:34  Gateway  
  102  6:37  Pylon  
  102  6:38  Templar Archives, Probe (Chrono Boost), Pylon  
  99  6:51  Pylon  
  99  6:55  Gateway x2  
  99  7:00  Forge  
  99  7:01  Probe (Chrono Boost), Zealot x3  
  106  7:02  Psionic Storm  
  106  7:05  Observer  
  108  7:17  Pylon  
  107  7:24  Immortal, Gateway  
  107  7:25  High Templar  
  107  7:26  High Templar x2, Gateway  
  117  7:30  Nexus  
  117  7:32  Pylon  
  117  7:35  Protoss Ground Weapons Level 1  
  117  7:40  Robotics Facility  
  115  7:47  Pylon  
  115  7:51  Probe x2 (Chrono Boost)  
  117  7:55  Zealot  
  117  7:56  Probe (Chrono Boost), Zealot x2  
  124  8:06  Immortal  
  124  8:07  Assimilator, Photon Cannon  
  124  8:09  High Templar, Photon Cannon  
  124  8:11  Assimilator  
  130  8:13  High Templar, Photon Cannon  
  130  8:14  High Templar  
  130  8:15  Photon Cannon  
  130  8:17  Pylon  
  130  8:18  Probe (Chrono Boost)  
  130  8:19  Probe (Chrono Boost), Pylon  
  136  8:24  Probe (Chrono Boost)  
  136  8:25  Warp Prism  
  136  8:26  Zealot  
  138  8:36  Probe (Chrono Boost)  
  138  8:38  Photon Cannon  
  138  8:40  Immortal  
  139  8:46  High Templar x2  
  139  8:47  Zealot x2  
  151  8:51  Archon  
  151  9:02  Immortal  
  155  9:06  Fleet Beacon  
  155  9:07  Zealot x4  
  155  9:08  Stargate  
  163  9:10  Pylon  
  163  9:21  Immortal  
  164  9:24  Probe (Chrono Boost)  
  164  9:26  Protoss Air Weapons Level 1  
  164  9:28  Immortal  
  172  9:34  Protoss Ground Weapons Level 2  
  172  9:36  High Templar x2  
  176  9:39  Photon Cannon  
  176  9:41  Immortal, Archon  
  176  9:44  Photon Cannon  
  180  9:52  Probe (Chrono Boost)  
  181  9:55  Immortal  
  181  10:04  Pylon  
  181  10:05  Zealot x2  
  181  10:06  Zealot x3  
  181  10:07  Pylon  
  189  10:18  Zealot x3  
  188  10:21  Probe (Chrono Boost)  
  180  10:30  High Templar  
  180  10:31  High Templar x3  
  180  10:34  Observer  
  185  10:37  Archon  
  185  10:38  Archon  
  185  10:41  Immortal  
  185  10:42  Pylon  
  185  10:45  Pylon  
  185  10:46  Immortal, Pylon  
  185  10:47  Photon Cannon  
  185  10:48  Photon Cannon  
  193  10:50  Pylon  
  193  10:53  Observer  
  194  11:10  High Templar x2  
  194  11:11  High Templar x2  
  192  11:16  Pylon  
  192  11:17  Archon x2, Gateway  
  192  11:19  Zealot x4  
  192  11:22  Gateway  
  194  11:42  Dark Shrine  
  194  11:44  Zealot x3  
  194  11:45  Gateway  
  188  11:50  Protoss Shields Level 1  
  182  12:01  Protoss Air Weapons Level 2, Gateway  
  194  12:02  Gateway, Graviton Catapult  
  190  12:13  Zealot x5  
  200  12:25  Photon Cannon  
  200  12:27  Photon Cannon  
  200  12:29  Photon Cannon  
  196  12:30  Photon Cannon  
  196  12:31  Zealot x2  
  200  12:43  Zealot x4  
  186  13:05  Nexus  
  186  13:06  Phoenix  
  186  13:07  Assimilator  
  186  13:09  Phoenix  
  186  13:10  Assimilator, Pylon, Zealot x3  
  173  13:19  Stargate  
  167  13:20  Probe (Chrono Boost), Anion Pulse-Crystals, Stargate  
  167  13:26  High Templar  
  167  13:27  High Templar x3  
  167  13:29  Warp Prism  
  167  13:30  Phoenix x2  
  167  13:32  Archon x2  
  175  13:38  Photon Cannon  
  177  13:41  Photon Cannon  
  177  13:43  High Templar x2  
  177  13:44  High Templar x2, Protoss Ground Weapons Level 3  
  177  13:45  Zealot x5, Photon Cannon  
  195  13:49  Archon x2  
  191  14:00  Zealot x4  
  181  14:10  Zealot x5  
  181  14:12  Phoenix  
  178  14:36  Zealot x5  
  178  14:37  Zealot  
  164  14:39  Pylon  
  164  14:41  Phoenix  
  164  14:43  Stalker x2  
  164  14:45  Pylon, Phoenix  
  162  14:53  Phoenix  
  162  14:54  High Templar  
  162  14:55  High Templar  
  162  14:57  Warp Prism  
  162  14:59  Archon  
  168  15:00  Phoenix  
  168  15:03  Phoenix  
  168  15:11  Stalker x2  
  168  15:13  High Templar x4, Probe (Chrono Boost)  
  175  15:20  Probe (Chrono Boost)  
  175  15:21  Probe (Chrono Boost), Immortal  
  166  15:30  Zealot x5  
  152  15:39  High Templar x2  
  138  15:49  Zealot  
  135  15:50  Zealot  
  135  15:55  Probe (Chrono Boost)  
  135  15:56  Probe (Chrono Boost)  
  139  16:01  Zealot  
  139  16:02  Zealot  
  134  16:12  Probe (Chrono Boost)  
  134  16:14  High Templar x4  
  134  16:25  Zealot x2  
  137  16:27  High Templar x2, Nexus  
  137  16:30  Archon x2  
  141  16:33  Archon  
  138  16:47  High Templar x2, Zealot x3  
  138  16:54  Archon  
  137  17:09  Zealot  
  137  17:10  Zealot x5  
  137  17:12  Zealot  
  147  17:20  High Templar x2  
  139  17:41  High Templar x2  
  135  17:46  Archon  
  135  17:56  Nexus  
  135  17:57  Nexus  
  135  17:58  High Templar x2  
  139  17:59  Pylon  
  139  18:04  Archon  
  135  18:22  Zealot  
  135  18:28  High Templar x2  
  135  18:29  Zealot x4  
  147  18:37  Archon  
  147  18:40  Archon  
  143  18:46  High Templar  
  145  18:52  Probe (Chrono Boost)  
  145  18:53  Probe x2 (Chrono Boost)  
  148  18:58  Probe (Chrono Boost)  
  148  19:05  High Templar  
  148  19:08  Probe x3 (Chrono Boost)  
  153  19:13  Assimilator  
  153  19:16  Assimilator, High Templar  
  155  19:20  Pylon  
  153  19:56  Zealot x3  
  153  19:57  Nexus  
  142  20:09  High Templar x2  
  142  20:10  Zealot x4  
Show
View Real Time Build Order
Export as new Build Order

JonSnow Zerg - Winner!

Build Orders: Hatch First 

Get SALT Encoding   

  12  0:00  Drone  
  13  0:13  Overlord  
  13  0:19  Drone  
  14  0:31  Drone x2  
  14  0:34  Drone  
  17  0:53  Hatchery  
  16  0:57  Drone  
  16  1:00  Drone  
  18  1:07  Extractor  
  17  1:16  Spawning Pool  
  16  1:20  Drone  
  16  1:22  Drone  
  18  1:33  Overlord  
  18  1:45  Drone  
  19  2:03  Zergling x2  
  19  2:05  Queen x2  
  19  2:07  Metabolic Boost  
  24  2:18  Drone  
  25  2:29  Drone  
  26  2:31  Drone x2  
  26  2:32  Drone x2  
  26  2:34  Drone  
  31  2:46  Hatchery  
  31  2:48  Drone  
  31  3:00  Overlord  
  31  3:01  Queen  
  33  3:09  Drone  
  33  3:10  Drone x2  
  35  3:19  Drone x3  
  38  3:24  Evolution Chamber  
  38  3:25  Overlord x2  
  37  3:32  Spore Crawler x2  
  35  3:38  Overlord  
  35  3:47  Drone x2  
  39  3:49  Drone x3  
  39  3:51  Zerg Melee Weapons Level 1  
  39  3:54  Drone  
  41  3:58  Spore Crawler  
  41  3:59  Drone  
  41  4:01  Drone  
  42  4:03  Drone  
  43  4:18  Drone x8  
  51  4:25  Baneling Nest  
  51  4:27  Drone x2  
  51  4:28  Drone  
  53  4:33  Drone x3  
  56  4:38  Lair  
  56  4:41  Extractor x2  
  56  4:42  Drone, Extractor  
  56  4:43  Drone  
  55  4:46  Drone x2  
  55  4:48  Drone  
  55  4:54  Drone x2  
  55  4:55  Drone x2  
  55  4:57  Drone x2  
  55  4:59  Drone  
  60  5:02  Drone x2  
  61  5:08  Overlord x2  
  61  5:11  Zergling x2  
  62  5:15  Zergling x2  
  62  5:18  Zergling x4  
  65  5:24  Zergling x2  
  65  5:28  Zergling x12, Baneling  
  66  5:31  Zergling x4  
  73  5:38  Zergling x2  
  73  5:39  Hydralisk Den, Baneling  
  73  5:40  Baneling x2  
  73  5:44  Zergling x8  
  73  5:47  Baneling  
  73  5:49  Zergling x2  
  78  6:01  Zergling x6  
  78  6:02  Zergling x10  
  77  6:08  Zergling x2  
  73  6:15  Zergling x4  
  72  6:22  Zergling x2  
  72  6:23  Zergling x4  
  72  6:25  Drone x3  
  71  6:26  Hatchery  
  71  6:30  Drone, Zerg Missile Weapons Level 1  
  71  6:32  Muscular Augments, Centrifical Hooks  
  69  6:33  Drone  
  69  6:34  Drone, Baneling x3  
  71  6:42  Drone  
  71  6:43  Drone  
  71  6:45  Drone  
  71  6:49  Drone  
  72  6:55  Drone  
  72  6:56  Drone  
  72  7:01  Extractor x2  
  73  7:02  Drone  
  73  7:06  Drone  
  73  7:07  Drone x4  
  78  7:13  Hydralisk  
  78  7:14  Hatchery  
  78  7:15  Hydralisk  
  79  7:17  Overlord x2  
  79  7:18  Overlord  
  81  7:28  Overlord  
  81  7:29  Overlord  
  81  7:32  Drone  
  81  7:33  Overlord  
  82  7:38  Hydralisk x7  
  95  7:48  Drone  
  95  7:49  Drone x5  
  95  7:50  Drone  
  102  7:53  Drone  
  102  7:54  Queen  
  102  7:57  Drone x2  
  107  8:00  Drone x4  
  107  8:02  Baneling x2  
  107  8:03  Spore Crawler  
  110  8:08  Drone x5  
  110  8:12  Overlord x2  
  115  8:18  Hydralisk x2  
  115  8:19  Extractor  
  118  8:20  Overlord  
  118  8:24  Zerg Melee Weapons Level 2  
  118  8:30  Hydralisk  
  118  8:31  Hydralisk x4  
  118  8:32  Zergling x4  
  118  8:34  Baneling x5  
  130  8:35  Baneling  
  130  8:38  Zergling x8  
  134  8:51  Overlord x2  
  134  9:05  Drone  
  134  9:07  Hydralisk x11  
  157  9:10  Zergling x2  
  157  9:11  Zergling x6  
  161  9:18  Zergling x18  
  161  9:23  Hatchery  
  161  9:24  Overlord x3  
  169  9:28  Baneling x6  
  169  9:30  Overseer  
  169  9:37  Zergling x2  
  169  9:38  Zergling x22  
  180  9:45  Baneling x16  
  179  9:53  Zergling x16  
  186  10:03  Zergling x20  
  195  10:12  Zergling x16  
  194  10:17  Zergling x4  
  182  10:22  Queen  
  182  10:29  Overseer  
  182  10:30  Zergling x2  
  182  10:31  Zergling x14  
  182  10:33  Spire  
  188  10:43  Infestation Pit, Zergling x6  
  188  10:44  Zergling x6  
  188  10:49  Baneling x11  
  193  10:50  Baneling x12  
  191  10:57  Zergling x20  
  196  11:04  Zergling x8  
  198  11:12  Baneling  
  198  11:13  Baneling x4  
  198  11:19  Baneling x4  
  190  11:38  Hive  
  190  11:39  Zerg Ground Armor Level 1  
  180  11:44  Zergling x2  
  180  11:45  Zergling x38  
  192  11:55  Drone x2  
  194  12:02  Zergling x8  
  194  12:03  Baneling x2  
  194  12:05  Baneling x12  
  196  12:22  Zergling x20  
  199  12:29  Overlord  
  192  12:35  Mutalisk x5  
  192  12:45  Mutalisk x4  
  195  12:53  Mutalisk x2  
  195  12:57  Baneling  
  195  12:58  Overseer, Baneling x5  
  197  12:59  Overseer  
  197  13:02  Extractor  
  197  13:03  Extractor  
  197  13:04  Baneling  
  197  13:05  Baneling x11  
  195  13:17  Hydralisk x6  
  195  13:18  Zergling x6, Hydralisk  
  195  13:19  Zergling x18  
  182  13:23  Zergling x2  
  176  13:28  Hydralisk x2, Baneling x11  
  176  13:29  Hydralisk x2  
  176  13:32  Adrenal Glands  
  176  13:33  Zerg Missile Weapons Level 2, Zergling x8  
  188  13:44  Baneling x7  
  188  13:45  Zergling x12  
  188  13:47  Queen  
  196  13:48  Extractor  
  196  13:52  Hatchery  
  173  13:58  Zergling x2  
  173  13:59  Zergling x12  
  171  14:09  Zergling x26  
  168  14:13  Zergling x2  
  168  14:14  Zergling x4  
  168  14:15  Baneling  
  168  14:16  Baneling x14  
  169  14:20  Zergling x6  
  165  14:26  Zergling x6  
  158  14:31  Hydralisk  
  158  14:32  Hydralisk x3  
  158  14:35  Hydralisk x7  
  158  14:38  Baneling x3  
  162  14:39  Baneling x2  
  162  14:44  Baneling x8  
  162  14:45  Baneling x7  
  161  14:53  Zergling x10  
  166  15:02  Zergling x10  
  166  15:03  Zergling x12  
  177  15:10  Zergling x10  
  182  15:17  Zergling x12  
  188  15:27  Zergling x8  
  176  15:28  Overseer  
  162  15:36  Zergling x20  
  162  15:41  Zergling x8  
  168  15:47  Zergling x10  
  168  15:48  Zergling x2  
  173  15:51  Baneling x4  
  172  16:01  Zergling x2  
  172  16:02  Zergling x14  
  169  16:08  Zergling x2  
  169  16:09  Zergling x6  
  165  16:24  Zergling x2  
  165  16:25  Zergling x18  
  175  16:31  Baneling x7  
  175  16:32  Baneling  
  175  16:45  Hatchery  
  174  16:50  Zergling x2  
  174  16:51  Zergling x12  
  176  16:56  Zergling x6  
  176  16:57  Zergling x2  
  156  17:06  Zergling x14  
  155  17:11  Zergling x6  
  155  17:17  Drone x4  
  157  17:28  Zergling x16  
  165  17:38  Baneling x2  
  165  17:44  Zerg Melee Weapons Level 3  
  165  17:57  Baneling x5  
  165  17:58  Baneling x14  
  165  18:04  Hatchery  
  162  18:08  Zergling x14  
  162  18:09  Zergling x4  
  167  18:19  Zergling x14  
  167  18:20  Zergling x4  
  167  18:23  Greater Spire  
  165  18:30  Zergling x12  
  149  18:49  Baneling x7  
  149  18:50  Zergling x2, Baneling  
  149  18:51  Zergling x28  
  164  18:58  Baneling x3  
  164  18:59  Corruptor x3  
  167  19:03  Corruptor  
  167  19:09  Corruptor x2  
  167  19:36  Drone x3  
  167  19:37  Drone x2  
  172  19:48  Brood Lord x6  
  175  19:54  Zergling x20  
  175  19:55  Zergling x12  
  184  20:00  Zergling x8  
  184  20:06  Zergling x10  
  190  20:11  Extractor  
  190  20:12  Extractor  
  188  20:18  Baneling  
  188  20:21  Hydralisk x2  
  189  20:31  Zergling x16  
  189  20:32  Zergling x6  
  189  20:33  Baneling  
  189  20:34  Baneling x2  
  191  20:38  Baneling x6  
Tags
 
Add a new tag
Caveats
  • Supply blocks, unpowered buildings, or Contaminate may cause inaccurate times.
  • Supply counts are checked every 10 seconds.